Workbook

Sheet Valuation
A1: SpaceX (SPCX) — valuation summary
A2: Phat Ngo · Initiation · prices as of 2026-10-16 · personal research, not investment advice
A4: Scenario | B4: Probability | C4: Value / share | D4: Excl. Musk unvested | E4: vs price
A5: Bear | B5: =Inputs!$C$46 | C5: =Model!$C$62 | D5: =Model!$C$65 | E5: =C5/Inputs!$C$4-1
A6: Base | B6: =Inputs!$C$47 | C6: =Model!$C$126 | D6: =Model!$C$129 | E6: =C6/Inputs!$C$4-1
A7: Bull | B7: =Inputs!$C$48 | C7: =Model!$C$190 | D7: =Model!$C$193 | E7: =C7/Inputs!$C$4-1
A8: Right tail | B8: =Inputs!$C$49 | C8: =Model!$C$254 | D8: =Model!$C$257 | E8: =C8/Inputs!$C$4-1
A10: Probability-weighted fair value ($, primary share count) | C10: =SUMPRODUCT(B5:B8,C5:C8)
A11: Probability-weighted fair value excl. Musk unvested ($) | C11: =SUMPRODUCT(B5:B8,D5:D8)
A12: Current price ($) | C12: =Inputs!$C$4
A13: Total return to fair value | C13: =C10/C12-1
A14: Hurdle: cost of equity | C14: =Inputs!$C$34
A15: Expected annual return over 5 years (fair value reached, then compounding at ke) | C15: =((C10/C12)^(1/Inputs!$C$51)*(1+C14)-1)
A16: Call (longRating, 3-5 year view, longest horizon) | C16: =IF(((C10/C12)^(1/Inputs!$C$51)*(1+C14)-1-C14)>=Inputs!$C$50,"Bullish",IF(((C10/C12)^(1/Inputs!$C$51)*(1+C14)-1-C14)<=-Inputs!$C$50,"Bearish","Neutral"))
A17: Price below which the rule reads Bullish ($) | C17: =C10/((1+C14+Inputs!$C$50)/(1+C14))^Inputs!$C$51
A18: Price above which the rule reads Bearish ($) | C18: =C10/((1+C14-Inputs!$C$50)/(1+C14))^Inputs!$C$51
A19: Fair value needed for Bullish at the current price ($) | C19: =(C12*((1+C14+Inputs!$C$50)/(1+C14))^Inputs!$C$51)
A20: Weight on bull + right tail needed for Bullish (capped at 100%) | C20: =MIN(1,MAX(0,((C12*((1+C14+Inputs!$C$50)/(1+C14))^Inputs!$C$51)-((Inputs!$C$46*C5+Inputs!$C$47*C6)/(Inputs!$C$46+Inputs!$C$47)))/(((Inputs!$C$48*C7+Inputs!$C$49*C8)/(Inputs!$C$48+Inputs!$C$49))-((Inputs!$C$46*C5+Inputs!$C$47*C6)/(Inputs!$C$46+Inputs!$C$47)))))
A21: Weights sum check (must be 100%) | C21: =SUM(B5:B8)
A24: Base case: value per share by WACC (rows) and 2035 EV/EBITDA exit multiple (columns)
A25: WACC \ exit multiple | B25: 9 | C25: 11 | D25: 13 | E25: 15 | F25: 17
A26: 0.11 | B26: =MAX(0,(SUMPRODUCT(Model!$C$112:$K$112,(1+$A26)^(-Model!$C$113:$K$113))+Inputs!$C$20+Model!$K$96*B$25*(1+$A26)^(-(Model!$K$113+0.5))+Inputs!$C$17)*1000/Inputs!$C$12) | C26: =MAX(0,(SUMPRODUCT(Model!$C$112:$K$112,(1+$A26)^(-Model!$C$113:$K$113))+Inputs!$C$20+Model!$K$96*C$25*(1+$A26)^(-(Model!$K$113+0.5))+Inputs!$C$17)*1000/Inputs!$C$12) | D26: =MAX(0,(SUMPRODUCT(Model!$C$112:$K$112,(1+$A26)^(-Model!$C$113:$K$113))+Inputs!$C$20+Model!$K$96*D$25*(1+$A26)^(-(Model!$K$113+0.5))+Inputs!$C$17)*1000/Inputs!$C$12) | E26: =MAX(0,(SUMPRODUCT(Model!$C$112:$K$112,(1+$A26)^(-Model!$C$113:$K$113))+Inputs!$C$20+Model!$K$96*E$25*(1+$A26)^(-(Model!$K$113+0.5))+Inputs!$C$17)*1000/Inputs!$C$12) | F26: =MAX(0,(SUMPRODUCT(Model!$C$112:$K$112,(1+$A26)^(-Model!$C$113:$K$113))+Inputs!$C$20+Model!$K$96*F$25*(1+$A26)^(-(Model!$K$113+0.5))+Inputs!$C$17)*1000/Inputs!$C$12)
A27: 0.12 | B27: =MAX(0,(SUMPRODUCT(Model!$C$112:$K$112,(1+$A27)^(-Model!$C$113:$K$113))+Inputs!$C$20+Model!$K$96*B$25*(1+$A27)^(-(Model!$K$113+0.5))+Inputs!$C$17)*1000/Inputs!$C$12) | C27: =MAX(0,(SUMPRODUCT(Model!$C$112:$K$112,(1+$A27)^(-Model!$C$113:$K$113))+Inputs!$C$20+Model!$K$96*C$25*(1+$A27)^(-(Model!$K$113+0.5))+Inputs!$C$17)*1000/Inputs!$C$12) | D27: =MAX(0,(SUMPRODUCT(Model!$C$112:$K$112,(1+$A27)^(-Model!$C$113:$K$113))+Inputs!$C$20+Model!$K$96*D$25*(1+$A27)^(-(Model!$K$113+0.5))+Inputs!$C$17)*1000/Inputs!$C$12) | E27: =MAX(0,(SUMPRODUCT(Model!$C$112:$K$112,(1+$A27)^(-Model!$C$113:$K$113))+Inputs!$C$20+Model!$K$96*E$25*(1+$A27)^(-(Model!$K$113+0.5))+Inputs!$C$17)*1000/Inputs!$C$12) | F27: =MAX(0,(SUMPRODUCT(Model!$C$112:$K$112,(1+$A27)^(-Model!$C$113:$K$113))+Inputs!$C$20+Model!$K$96*F$25*(1+$A27)^(-(Model!$K$113+0.5))+Inputs!$C$17)*1000/Inputs!$C$12)
A28: 0.13 | B28: =MAX(0,(SUMPRODUCT(Model!$C$112:$K$112,(1+$A28)^(-Model!$C$113:$K$113))+Inputs!$C$20+Model!$K$96*B$25*(1+$A28)^(-(Model!$K$113+0.5))+Inputs!$C$17)*1000/Inputs!$C$12) | C28: =MAX(0,(SUMPRODUCT(Model!$C$112:$K$112,(1+$A28)^(-Model!$C$113:$K$113))+Inputs!$C$20+Model!$K$96*C$25*(1+$A28)^(-(Model!$K$113+0.5))+Inputs!$C$17)*1000/Inputs!$C$12) | D28: =MAX(0,(SUMPRODUCT(Model!$C$112:$K$112,(1+$A28)^(-Model!$C$113:$K$113))+Inputs!$C$20+Model!$K$96*D$25*(1+$A28)^(-(Model!$K$113+0.5))+Inputs!$C$17)*1000/Inputs!$C$12) | E28: =MAX(0,(SUMPRODUCT(Model!$C$112:$K$112,(1+$A28)^(-Model!$C$113:$K$113))+Inputs!$C$20+Model!$K$96*E$25*(1+$A28)^(-(Model!$K$113+0.5))+Inputs!$C$17)*1000/Inputs!$C$12) | F28: =MAX(0,(SUMPRODUCT(Model!$C$112:$K$112,(1+$A28)^(-Model!$C$113:$K$113))+Inputs!$C$20+Model!$K$96*F$25*(1+$A28)^(-(Model!$K$113+0.5))+Inputs!$C$17)*1000/Inputs!$C$12)
A29: 0.131 | B29: =MAX(0,(SUMPRODUCT(Model!$C$112:$K$112,(1+$A29)^(-Model!$C$113:$K$113))+Inputs!$C$20+Model!$K$96*B$25*(1+$A29)^(-(Model!$K$113+0.5))+Inputs!$C$17)*1000/Inputs!$C$12) | C29: =MAX(0,(SUMPRODUCT(Model!$C$112:$K$112,(1+$A29)^(-Model!$C$113:$K$113))+Inputs!$C$20+Model!$K$96*C$25*(1+$A29)^(-(Model!$K$113+0.5))+Inputs!$C$17)*1000/Inputs!$C$12) | D29: =MAX(0,(SUMPRODUCT(Model!$C$112:$K$112,(1+$A29)^(-Model!$C$113:$K$113))+Inputs!$C$20+Model!$K$96*D$25*(1+$A29)^(-(Model!$K$113+0.5))+Inputs!$C$17)*1000/Inputs!$C$12) | E29: =MAX(0,(SUMPRODUCT(Model!$C$112:$K$112,(1+$A29)^(-Model!$C$113:$K$113))+Inputs!$C$20+Model!$K$96*E$25*(1+$A29)^(-(Model!$K$113+0.5))+Inputs!$C$17)*1000/Inputs!$C$12) | F29: =MAX(0,(SUMPRODUCT(Model!$C$112:$K$112,(1+$A29)^(-Model!$C$113:$K$113))+Inputs!$C$20+Model!$K$96*F$25*(1+$A29)^(-(Model!$K$113+0.5))+Inputs!$C$17)*1000/Inputs!$C$12)
A30: 0.14 | B30: =MAX(0,(SUMPRODUCT(Model!$C$112:$K$112,(1+$A30)^(-Model!$C$113:$K$113))+Inputs!$C$20+Model!$K$96*B$25*(1+$A30)^(-(Model!$K$113+0.5))+Inputs!$C$17)*1000/Inputs!$C$12) | C30: =MAX(0,(SUMPRODUCT(Model!$C$112:$K$112,(1+$A30)^(-Model!$C$113:$K$113))+Inputs!$C$20+Model!$K$96*C$25*(1+$A30)^(-(Model!$K$113+0.5))+Inputs!$C$17)*1000/Inputs!$C$12) | D30: =MAX(0,(SUMPRODUCT(Model!$C$112:$K$112,(1+$A30)^(-Model!$C$113:$K$113))+Inputs!$C$20+Model!$K$96*D$25*(1+$A30)^(-(Model!$K$113+0.5))+Inputs!$C$17)*1000/Inputs!$C$12) | E30: =MAX(0,(SUMPRODUCT(Model!$C$112:$K$112,(1+$A30)^(-Model!$C$113:$K$113))+Inputs!$C$20+Model!$K$96*E$25*(1+$A30)^(-(Model!$K$113+0.5))+Inputs!$C$17)*1000/Inputs!$C$12) | F30: =MAX(0,(SUMPRODUCT(Model!$C$112:$K$112,(1+$A30)^(-Model!$C$113:$K$113))+Inputs!$C$20+Model!$K$96*F$25*(1+$A30)^(-(Model!$K$113+0.5))+Inputs!$C$17)*1000/Inputs!$C$12)
A31: 0.15 | B31: =MAX(0,(SUMPRODUCT(Model!$C$112:$K$112,(1+$A31)^(-Model!$C$113:$K$113))+Inputs!$C$20+Model!$K$96*B$25*(1+$A31)^(-(Model!$K$113+0.5))+Inputs!$C$17)*1000/Inputs!$C$12) | C31: =MAX(0,(SUMPRODUCT(Model!$C$112:$K$112,(1+$A31)^(-Model!$C$113:$K$113))+Inputs!$C$20+Model!$K$96*C$25*(1+$A31)^(-(Model!$K$113+0.5))+Inputs!$C$17)*1000/Inputs!$C$12) | D31: =MAX(0,(SUMPRODUCT(Model!$C$112:$K$112,(1+$A31)^(-Model!$C$113:$K$113))+Inputs!$C$20+Model!$K$96*D$25*(1+$A31)^(-(Model!$K$113+0.5))+Inputs!$C$17)*1000/Inputs!$C$12) | E31: =MAX(0,(SUMPRODUCT(Model!$C$112:$K$112,(1+$A31)^(-Model!$C$113:$K$113))+Inputs!$C$20+Model!$K$96*E$25*(1+$A31)^(-(Model!$K$113+0.5))+Inputs!$C$17)*1000/Inputs!$C$12) | F31: =MAX(0,(SUMPRODUCT(Model!$C$112:$K$112,(1+$A31)^(-Model!$C$113:$K$113))+Inputs!$C$20+Model!$K$96*F$25*(1+$A31)^(-(Model!$K$113+0.5))+Inputs!$C$17)*1000/Inputs!$C$12)
A33: Comparables (dated 2026-10-16; context, not inputs)
A34: Company | B34: EV / sales LTM | C34: EV / EBITDA LTM | D34: Basis / source
A35: T-Mobile (TMUS) | B35: 2.8 | C35: 7.1 | D35: Core adj. EBITDA; 10-Q 6/30/26
A36: Viasat (VSAT) | B36: 2.8 | C36: 8.5 | D36: Adj. EBITDA; FY ends March
A37: Iridium (IRDM) | B37: 7 | C37: 12.7 | D37: OEBITDA; being acquired by Rocket Lab
A38: Oracle (ORCL) | B38: 6.8 | C38: 14.3 | D38: GAAP EBIT + D&A; FY ends May
A39: CoreWeave (CRWV) | B39: 8.3 | C39: 16.8 | D39: GAAP EBIT + D&A (company adj. higher)
A40: Rocket Lab (RKLB) | B40: 36.3 | C40: n/m | D40: Adj. EBITDA negative
A41: AST SpaceMobile (ASTS) | B41: 142 | C41: n/m | D41: Pre-revenue scale
A42: SpaceX (SPCX), at the current price | B42: =Inputs!$C$19/23.044 | C42: =Inputs!$C$19/8.305 | D42: EV / LTM revenue $23.0bn and LTM adj. EBITDA $8.3bn
A44: Peers: SEC 10-Q XBRL and company releases, prices 2026-10-16 (Robinhood). SPCX LTM through Q2 2026 (424B4, 10-Q). Iridium and Globalstar trade on takeover terms.
A46: Reverse DCF on the base case (solved in public/spacex-model.mjs at the current price; static values)
A47: Uniform scale on AI revenue per watt-year that makes the base case equal the price | C47: 3.2615752
A48: Implied 2027 revenue per watt-year ($; base case $34) | C48: 110.89356
A49: Implied 2035 revenue per watt-year ($; base case $18) | C49: 58.708354
A50: 2035 exit multiple that makes the base case equal the price | C50: 48.122632

Sheet Conviction
A1: Conviction case: the bull operating path at a bull's valuation assumptions
A2: Published headline call: "Bullish · 3-5 year view" (conviction call). Same model and formulas as the Model sheet, with the two override cells below and the Bull drivers. Not part of the scenario weights.
A4: Conviction discount rate (WACC and hurdle) | C4: 0.09
A5: Conviction exit multiple, 2035 EV/EBITDA | C5: 20
A6: Operating path | C6: Bull scenario drivers (Scenarios sheet)
A8: Conviction case value per share ($) | C8: =$C$80
A9: Price ($) | C9: =Inputs!$C$4
A10: Conviction call (longRating at the conviction discount rate) | C10: =IF((($C$80/Inputs!$C$4)^(1/Inputs!$C$51)*(1+$C$4)-1-$C$4)>=Inputs!$C$50,"Bullish",IF((($C$80/Inputs!$C$4)^(1/Inputs!$C$51)*(1+$C$4)-1-$C$4)<=-Inputs!$C$50,"Bearish","Neutral"))
A11: Model value, probability-weighted ($) | C11: =Valuation!$C$10
A12: Model call (the disciplined rule, unchanged) | C12: =Valuation!$C$16
A14: What has to go right (conviction value vs base case, 2030)
A15: AI compute reaches 13 GW by 2030 and still rents for about $26 per watt-year | C15: 13.0 GW at $26/W-yr | F15: Base: 9.0 GW at $23/W-yr
A16: Revenue reaches about $340 billion in 2030, close to Morgan Stanley's forecast | C16: $339B | F16: Base: $209B
A17: Starlink passes 44 million subscribers by 2030 and Starlink Mobile earns $10 billion a year | C17: 44.0M subs; Mobile $10B | F17: Base: 35.5M subs; Mobile $5B
A18: Starship flies routinely from 2027, and AI capex falls to about $27 per watt by 2030 | C18: $27 per watt | F18: Base: $29 per watt
A19: Investors accept a 9% discount rate and pay 20x EBITDA in 2035 | C19: 9% and 20x | F19: Base: 13.1% and 13x
A22: Conviction case: Bull drivers at the override discount rate and exit multiple
A23: Line item | C23: 2027 | D23: 2028 | E23: 2029 | F23: 2030 | G23: 2031 | H23: 2032 | I23: 2033 | J23: 2034 | K23: 2035
A24: Starlink subscribers, year end (mm) | C24: =Scenarios!B57 | D24: =Scenarios!C57 | E24: =Scenarios!D57 | F24: =Scenarios!E57 | G24: =Scenarios!F57 | H24: =Scenarios!G57 | I24: =Scenarios!H57 | J24: =Scenarios!I57 | K24: =Scenarios!J57
A25: Starlink ARPU ($ / month) | C25: =Scenarios!B58 | D25: =Scenarios!C58 | E25: =Scenarios!D58 | F25: =Scenarios!E58 | G25: =Scenarios!F58 | H25: =Scenarios!G58 | I25: =Scenarios!H58 | J25: =Scenarios!I58 | K25: =Scenarios!J58
A26: Consumer revenue incl. kits | C26: =(C24+Inputs!$C$22)/2*C25*12/1000*(1+Inputs!$C$25) | D26: =(D24+C24)/2*D25*12/1000*(1+Inputs!$C$25) | E26: =(E24+D24)/2*E25*12/1000*(1+Inputs!$C$25) | F26: =(F24+E24)/2*F25*12/1000*(1+Inputs!$C$25) | G26: =(G24+F24)/2*G25*12/1000*(1+Inputs!$C$25) | H26: =(H24+G24)/2*H25*12/1000*(1+Inputs!$C$25) | I26: =(I24+H24)/2*I25*12/1000*(1+Inputs!$C$25) | J26: =(J24+I24)/2*J25*12/1000*(1+Inputs!$C$25) | K26: =(K24+J24)/2*K25*12/1000*(1+Inputs!$C$25)
A27: Enterprise & government | C27: =Scenarios!B59 | D27: =Scenarios!C59 | E27: =Scenarios!D59 | F27: =Scenarios!E59 | G27: =Scenarios!F59 | H27: =Scenarios!G59 | I27: =Scenarios!H59 | J27: =Scenarios!I59 | K27: =Scenarios!J59
A28: Starlink Mobile | C28: =Scenarios!B60 | D28: =Scenarios!C60 | E28: =Scenarios!D60 | F28: =Scenarios!E60 | G28: =Scenarios!F60 | H28: =Scenarios!G60 | I28: =Scenarios!H60 | J28: =Scenarios!I60 | K28: =Scenarios!J60
A29: Connectivity revenue | C29: =C26+C27+C28 | D29: =D26+D27+D28 | E29: =E26+E27+E28 | F29: =F26+F27+F28 | G29: =G26+G27+G28 | H29: =H26+H27+H28 | I29: =I26+I27+I28 | J29: =J26+J27+J28 | K29: =K26+K27+K28
A30: Space revenue | C30: =Scenarios!B63 | D30: =Scenarios!C63 | E30: =Scenarios!D63 | F30: =Scenarios!E63 | G30: =Scenarios!F63 | H30: =Scenarios!G63 | I30: =Scenarios!H63 | J30: =Scenarios!I63 | K30: =Scenarios!J63
A31: AI compute, year end (GW) | C31: =Scenarios!B67 | D31: =Scenarios!C67 | E31: =Scenarios!D67 | F31: =Scenarios!E67 | G31: =Scenarios!F67 | H31: =Scenarios!G67 | I31: =Scenarios!H67 | J31: =Scenarios!I67 | K31: =Scenarios!J67
A32: Share rented | C32: =Scenarios!B68 | D32: =Scenarios!C68 | E32: =Scenarios!D68 | F32: =Scenarios!E68 | G32: =Scenarios!F68 | H32: =Scenarios!G68 | I32: =Scenarios!H68 | J32: =Scenarios!I68 | K32: =Scenarios!J68
A33: Revenue per watt-year ($) | C33: =Scenarios!B69 | D33: =Scenarios!C69 | E33: =Scenarios!D69 | F33: =Scenarios!E69 | G33: =Scenarios!F69 | H33: =Scenarios!G69 | I33: =Scenarios!H69 | J33: =Scenarios!I69 | K33: =Scenarios!J69
A34: Cloud services revenue | C34: =(C31+Inputs!$C$23)/2*C32*C33 | D34: =(D31+C31)/2*D32*D33 | E34: =(E31+D31)/2*E32*E33 | F34: =(F31+E31)/2*F32*F33 | G34: =(G31+F31)/2*G32*G33 | H34: =(H31+G31)/2*H32*H33 | I34: =(I31+H31)/2*I32*I33 | J34: =(J31+I31)/2*J32*J33 | K34: =(K31+J31)/2*K32*K33
A35: Grok / X / Cursor revenue | C35: =Scenarios!B72 | D35: =Scenarios!C72 | E35: =Scenarios!D72 | F35: =Scenarios!E72 | G35: =Scenarios!F72 | H35: =Scenarios!G72 | I35: =Scenarios!H72 | J35: =Scenarios!I72 | K35: =Scenarios!J72
A36: AI revenue | C36: =C34+C35 | D36: =D34+D35 | E36: =E34+E35 | F36: =F34+F35 | G36: =G34+G35 | H36: =H34+H35 | I36: =I34+I35 | J36: =J34+J35 | K36: =K34+K35
A37: Total revenue | C37: =C29+C30+C36 | D37: =D29+D30+D36 | E37: =E29+E30+E36 | F37: =F29+F30+F36 | G37: =G29+G30+G36 | H37: =H29+H30+H36 | I37: =I29+I30+I36 | J37: =J29+J30+J36 | K37: =K29+K30+K36
A38: Connectivity margin | C38: =Scenarios!B61 | D38: =Scenarios!C61 | E38: =Scenarios!D61 | F38: =Scenarios!E61 | G38: =Scenarios!F61 | H38: =Scenarios!G61 | I38: =Scenarios!H61 | J38: =Scenarios!I61 | K38: =Scenarios!J61
A39: Connectivity adj. EBITDA | C39: =C29*C38 | D39: =D29*D38 | E39: =E29*E38 | F39: =F29*F38 | G39: =G29*G38 | H39: =H29*H38 | I39: =I29*I38 | J39: =J29*J38 | K39: =K29*K38
A40: Space margin before Starship R&D | C40: =Scenarios!B64 | D40: =Scenarios!C64 | E40: =Scenarios!D64 | F40: =Scenarios!E64 | G40: =Scenarios!F64 | H40: =Scenarios!G64 | I40: =Scenarios!H64 | J40: =Scenarios!I64 | K40: =Scenarios!J64
A41: Starship R&D | C41: =Scenarios!B65 | D41: =Scenarios!C65 | E41: =Scenarios!D65 | F41: =Scenarios!E65 | G41: =Scenarios!F65 | H41: =Scenarios!G65 | I41: =Scenarios!H65 | J41: =Scenarios!I65 | K41: =Scenarios!J65
A42: Space adj. EBITDA | C42: =C30*C40-C41 | D42: =D30*D40-D41 | E42: =E30*E40-E41 | F42: =F30*F40-F41 | G42: =G30*G40-G41 | H42: =H30*H40-H41 | I42: =I30*I40-I41 | J42: =J30*J40-J41 | K42: =K30*K40-K41
A43: Cloud margin | C43: =Scenarios!B70 | D43: =Scenarios!C70 | E43: =Scenarios!D70 | F43: =Scenarios!E70 | G43: =Scenarios!F70 | H43: =Scenarios!G70 | I43: =Scenarios!H70 | J43: =Scenarios!I70 | K43: =Scenarios!J70
A44: Apps and ads margin | C44: =Scenarios!B73 | D44: =Scenarios!C73 | E44: =Scenarios!D73 | F44: =Scenarios!E73 | G44: =Scenarios!F73 | H44: =Scenarios!G73 | I44: =Scenarios!H73 | J44: =Scenarios!I73 | K44: =Scenarios!J73
A45: Frontier-model R&D | C45: =Scenarios!B74 | D45: =Scenarios!C74 | E45: =Scenarios!D74 | F45: =Scenarios!E74 | G45: =Scenarios!F74 | H45: =Scenarios!G74 | I45: =Scenarios!H74 | J45: =Scenarios!I74 | K45: =Scenarios!J74
A46: AI adj. EBITDA | C46: =C34*C43+C35*C44-C45 | D46: =D34*D43+D35*D44-D45 | E46: =E34*E43+E35*E44-E45 | F46: =F34*F43+F35*F44-F45 | G46: =G34*G43+G35*G44-G45 | H46: =H34*H43+H35*H44-H45 | I46: =I34*I43+I35*I44-I45 | J46: =J34*J43+J35*J44-J45 | K46: =K34*K43+K35*K44-K45
A47: Adjusted EBITDA (before stock comp) | C47: =C39+C42+C46 | D47: =D39+D42+D46 | E47: =E39+E42+E46 | F47: =F39+F42+F46 | G47: =G39+G42+G46 | H47: =H39+H42+H46 | I47: =I39+I42+I46 | J47: =J39+J42+J46 | K47: =K39+K42+K46
A48: Stock comp, % of revenue | C48: =Scenarios!B75 | D48: =Scenarios!C75 | E48: =Scenarios!D75 | F48: =Scenarios!E75 | G48: =Scenarios!F75 | H48: =Scenarios!G75 | I48: =Scenarios!H75 | J48: =Scenarios!I75 | K48: =Scenarios!J75
A49: Stock-based compensation | C49: =C37*C48 | D49: =D37*D48 | E49: =E37*E48 | F49: =F37*F48 | G49: =G37*G48 | H49: =H37*H48 | I49: =I37*I48 | J49: =J37*J48 | K49: =K37*K48
A50: EBITDA after stock comp | C50: =C47-C49 | D50: =D47-D49 | E50: =E47-E49 | F50: =F47-F49 | G50: =G47-G49 | H50: =H47-H49 | I50: =I47-I49 | J50: =J47-J49 | K50: =K47-K49
A51: AI capex per watt ($) | C51: =Scenarios!B71 | D51: =Scenarios!C71 | E51: =Scenarios!D71 | F51: =Scenarios!E71 | G51: =Scenarios!F71 | H51: =Scenarios!G71 | I51: =Scenarios!H71 | J51: =Scenarios!I71 | K51: =Scenarios!J71
A52: AI depreciation | C52: =(C31+Inputs!$C$23)/2*C51/Inputs!$C$27 | D52: =(D31+C31)/2*D51/Inputs!$C$27 | E52: =(E31+D31)/2*E51/Inputs!$C$27 | F52: =(F31+E31)/2*F51/Inputs!$C$27 | G52: =(G31+F31)/2*G51/Inputs!$C$27 | H52: =(H31+G31)/2*H51/Inputs!$C$27 | I52: =(I31+H31)/2*I51/Inputs!$C$27 | J52: =(J31+I31)/2*J51/Inputs!$C$27 | K52: =(K31+J31)/2*K51/Inputs!$C$27
A53: Depreciation & amortization | C53: =(C29+C30)*Inputs!$C$26+C52 | D53: =(D29+D30)*Inputs!$C$26+D52 | E53: =(E29+E30)*Inputs!$C$26+E52 | F53: =(F29+F30)*Inputs!$C$26+F52 | G53: =(G29+G30)*Inputs!$C$26+G52 | H53: =(H29+H30)*Inputs!$C$26+H52 | I53: =(I29+I30)*Inputs!$C$26+I52 | J53: =(J29+J30)*Inputs!$C$26+J52 | K53: =(K29+K30)*Inputs!$C$26+K52
A54: EBIT | C54: =C50-C53 | D54: =D50-D53 | E54: =E50-E53 | F54: =F50-F53 | G54: =G50-G53 | H54: =H50-H53 | I54: =I50-I53 | J54: =J50-J53 | K54: =K50-K53
A55: EBIT margin | C55: =IF(C37=0,0,C54/C37) | D55: =IF(D37=0,0,D54/D37) | E55: =IF(E37=0,0,E54/E37) | F55: =IF(F37=0,0,F54/F37) | G55: =IF(G37=0,0,G54/G37) | H55: =IF(H37=0,0,H54/H37) | I55: =IF(I37=0,0,I54/I37) | J55: =IF(J37=0,0,J54/J37) | K55: =IF(K37=0,0,K54/K37)
A56: AI capex | C56: =MAX(0,C31-Inputs!$C$23*(1-1/Inputs!$C$27))*C51 | D56: =MAX(0,D31-C31*(1-1/Inputs!$C$27))*D51 | E56: =MAX(0,E31-D31*(1-1/Inputs!$C$27))*E51 | F56: =MAX(0,F31-E31*(1-1/Inputs!$C$27))*F51 | G56: =MAX(0,G31-F31*(1-1/Inputs!$C$27))*G51 | H56: =MAX(0,H31-G31*(1-1/Inputs!$C$27))*H51 | I56: =MAX(0,I31-H31*(1-1/Inputs!$C$27))*I51 | J56: =MAX(0,J31-I31*(1-1/Inputs!$C$27))*J51 | K56: =MAX(0,K31-J31*(1-1/Inputs!$C$27))*K51
A57: Connectivity capex, % of revenue | C57: =Scenarios!B62 | D57: =Scenarios!C62 | E57: =Scenarios!D62 | F57: =Scenarios!E62 | G57: =Scenarios!F62 | H57: =Scenarios!G62 | I57: =Scenarios!H62 | J57: =Scenarios!I62 | K57: =Scenarios!J62
A58: Connectivity capex | C58: =C29*C57 | D58: =D29*D57 | E58: =E29*E57 | F58: =F29*F57 | G58: =G29*G57 | H58: =H29*H57 | I58: =I29*I57 | J58: =J29*J57 | K58: =K29*K57
A59: Space capex | C59: =Scenarios!B66 | D59: =Scenarios!C66 | E59: =Scenarios!D66 | F59: =Scenarios!E66 | G59: =Scenarios!F66 | H59: =Scenarios!G66 | I59: =Scenarios!H66 | J59: =Scenarios!I66 | K59: =Scenarios!J66
A60: Capital expenditures | C60: =C56+C58+C59 | D60: =D56+D58+D59 | E60: =E56+E58+E59 | F60: =F56+F58+F59 | G60: =G56+G58+G59 | H60: =H56+H58+H59 | I60: =I56+I58+I59 | J60: =J56+J58+J59 | K60: =K56+K58+K59
A61: Net operating losses, start | C61: =Inputs!$C$28 | D61: =C64 | E61: =D64 | F61: =E64 | G61: =F64 | H61: =G64 | I61: =H64 | J61: =I64 | K61: =J64
A62: Losses used | C62: =MIN(C61,MAX(0,C54)) | D62: =MIN(D61,MAX(0,D54)) | E62: =MIN(E61,MAX(0,E54)) | F62: =MIN(F61,MAX(0,F54)) | G62: =MIN(G61,MAX(0,G54)) | H62: =MIN(H61,MAX(0,H54)) | I62: =MIN(I61,MAX(0,I54)) | J62: =MIN(J61,MAX(0,J54)) | K62: =MIN(K61,MAX(0,K54))
A63: Cash taxes | C63: =Inputs!$C$29*MAX(0,C54-C62) | D63: =Inputs!$C$29*MAX(0,D54-D62) | E63: =Inputs!$C$29*MAX(0,E54-E62) | F63: =Inputs!$C$29*MAX(0,F54-F62) | G63: =Inputs!$C$29*MAX(0,G54-G62) | H63: =Inputs!$C$29*MAX(0,H54-H62) | I63: =Inputs!$C$29*MAX(0,I54-I62) | J63: =Inputs!$C$29*MAX(0,J54-J62) | K63: =Inputs!$C$29*MAX(0,K54-K62)
A64: Net operating losses, end | C64: =C61-C62+MAX(0,-C54) | D64: =D61-D62+MAX(0,-D54) | E64: =E61-E62+MAX(0,-E54) | F64: =F61-F62+MAX(0,-F54) | G64: =G61-G62+MAX(0,-G54) | H64: =H61-H62+MAX(0,-H54) | I64: =I61-I62+MAX(0,-I54) | J64: =J61-J62+MAX(0,-J54) | K64: =K61-K62+MAX(0,-K54)
A65: Spectrum payments | C65: =Scenarios!B76 | D65: =Scenarios!C76 | E65: =Scenarios!D76 | F65: =Scenarios!E76 | G65: =Scenarios!F76 | H65: =Scenarios!G76 | I65: =Scenarios!H76 | J65: =Scenarios!I76 | K65: =Scenarios!J76
A66: Unlevered free cash flow | C66: =C50-C63-C60-C65 | D66: =D50-D63-D60-D65 | E66: =E50-E63-E60-E65 | F66: =F50-F63-F60-F65 | G66: =G50-G63-G60-G65 | H66: =H50-H63-H60-H65 | I66: =I50-I63-I60-I65 | J66: =J50-J63-J60-J65 | K66: =K50-K63-K60-K65
A67: Discount period (years) | C67: =2027+0.5-Inputs!$C$21 | D67: =2028+0.5-Inputs!$C$21 | E67: =2029+0.5-Inputs!$C$21 | F67: =2030+0.5-Inputs!$C$21 | G67: =2031+0.5-Inputs!$C$21 | H67: =2032+0.5-Inputs!$C$21 | I67: =2033+0.5-Inputs!$C$21 | J67: =2034+0.5-Inputs!$C$21 | K67: =2035+0.5-Inputs!$C$21
A68: Discount factor | C68: =1/(1+Conviction!$C$4)^C67 | D68: =1/(1+Conviction!$C$4)^D67 | E68: =1/(1+Conviction!$C$4)^E67 | F68: =1/(1+Conviction!$C$4)^F67 | G68: =1/(1+Conviction!$C$4)^G67 | H68: =1/(1+Conviction!$C$4)^H67 | I68: =1/(1+Conviction!$C$4)^I67 | J68: =1/(1+Conviction!$C$4)^J67 | K68: =1/(1+Conviction!$C$4)^K67
A69: PV of unlevered FCF | C69: =C66*C68 | D69: =D66*D68 | E69: =E66*E68 | F69: =F66*F68 | G69: =G66*G68 | H69: =H66*H68 | I69: =I66*I68 | J69: =J66*J68 | K69: =K66*K68
A71: Normalized terminal FCF (2035) | C71: =K54*(1-Inputs!$C$42)+K53*(1-Inputs!$C$43)-Inputs!$C$44*K37*Inputs!$C$41
A72: Terminal value, exit multiple | C72: =K50*Conviction!$C$5
A73: Terminal value, perpetual growth (cross-check) | C73: =$C$71*(1+Inputs!$C$41)/(Conviction!$C$4-Inputs!$C$41)
A74: PV of 2027-2035 FCF + H2 2026 stub | C74: =SUM(C69:K69)+Inputs!$C$20
A75: PV of terminal value (exit multiple, end-2035 value) | C75: =$C$72/(1+Conviction!$C$4)^(K67+0.5)
A76: Enterprise value | C76: =$C$74+$C$75
A77: Equity value | C77: =$C$76+Inputs!$C$17
A78: DCF value per share ($) | C78: =MAX(0,$C$77*1000/Inputs!$C$12)
A79: Strategic floor per share ($) | C79: 0
A80: Value per share ($) | C80: =MAX($C$78,$C$79)
A81: Cross-check: value per share at perpetual growth ($) | C81: =MAX(0,($C$74+$C$73*K68+Inputs!$C$17)*1000/Inputs!$C$12)
A82: Perpetual growth implied by the exit multiple | C82: =($C$72*Conviction!$C$4-$C$71)/($C$72+$C$71)
A83: Value per share excl. Musk unvested shares ($) | C83: =MAX(0,$C$77*1000/Inputs!$C$13)

Sheet Inputs
A1: SpaceX (SPCX) — inputs
A2: Blue = hardcoded input (change these). Black = formula. Green = link from another sheet. Yellow = key judgment call. USD billions; shares in millions.
A3: Market and share count
A4: Share price ($) | C4: 143.48
A5: Basic shares outstanding, all classes (mm) | C5: 13571.07
A6: Stock options outstanding (mm) | C6: 472
A7: Option exercise proceeds ($bn) | C7: 6.212
A8: RSUs outstanding (mm) | C8: 122
A9: Cursor awards assumed (mm) | C9: 73.49
A10: EchoStar spectrum shares owed at closing (mm) | C10: 261.8
A11: Musk unvested restricted Class B (mm) | C11: 1302.07
A12: Diluted shares, primary (mm) | C12: =C5+C6+C8+C9+C10
A13: Diluted shares excluding Musk unvested (mm) | C13: =C12-C11
A14: Cash + marketable securities ($bn) | C14: 100.009
A15: Digital assets ($bn) | C15: 1.098
A16: Debt + finance leases ($bn) | C16: 39.512
A17: Net cash incl. option proceeds ($bn) | C17: =C14+C15-C16+C7
A18: Market capitalization, basic ($bn) | C18: =C4*C5/1000
A19: Enterprise value, basic ($bn) | C19: =C18-(C14+C15-C16)
A20: H2 2026 unlevered FCF, estimate ($bn) | C20: -26
A21: Valuation date (decimal year) | C21: 2026.79
A22: Starlink subscribers, end-2026 (mm) | C22: 15.8
A23: AI compute, end-2026 (GW nameplate) | C23: 2
A24: Operating constants
A25: Kits revenue, % of consumer service revenue | C25: 0.1
A26: Connectivity + Space D&A, % of their revenue | C26: 0.18
A27: AI fleet useful life (years) | C27: 5.5
A28: Usable net operating losses at end-2026 ($bn) | C28: 45
A29: Cash tax rate once losses are used | C29: 0.15
A30: Discount rate
A31: Risk-free rate | C31: 0.052
A32: Beta (peer-based) | C32: 1.6
A33: Equity risk premium | C33: 0.05
A34: Cost of equity | C34: =C31+C32*C33
A35: Pre-tax cost of debt | C35: 0.06
A36: Equity weight | C36: =C18/(C18+C16)
A37: WACC (computed) | C37: =C36*C34+(1-C36)*C35
A38: WACC used | C38: =ROUND(C37,3)
A39: Terminal value
A40: Exit multiple, EV/EBITDA after stock comp (2035) | C40: 13
A41: Perpetual growth (cross-check) | C41: 0.03
A42: Terminal tax rate | C42: 0.21
A43: Terminal capex / D&A | C43: 1.1
A44: Net working capital, % of revenue change | C44: 0
A45: Scenario weights
A46: Bear probability | C46: 0.25
A47: Base probability | C47: 0.45
A48: Bull probability | C48: 0.22
A49: Right tail probability | C49: 0.08
A50: Bullish premium over cost of equity (per year) | C50: 0.02
A51: Horizon for the call (years, longest of 3-5) | C51: 5

Sheet Scenarios
A1: Scenario drivers, 2027-2035 (author estimates)
A2: Edit the blue cells. Each block feeds the matching block on the Model sheet.
A4: Bear case
A5: AI compute turns into a glut. Customers use their 90-day exits or renew at much lower prices, so rented capacity and revenue per watt both fall, and SpaceX stops adding compute after 2027 and lets the fleet run down rather than replace GPUs at a loss. Starlink keeps growing but slower, with ARPU sliding as growth comes from cheaper markets, Starlink Mobile stays a revenue-share sideline, and Starship reuse slips, keeping R&D high.
A6: Driver | B6: 2027 | C6: 2028 | D6: 2029 | E6: 2030 | F6: 2031 | G6: 2032 | H6: 2033 | I6: 2034 | J6: 2035
A7: Starlink subscribers, year end (mm) | B7: 19 | C7: 22.5 | D7: 25.5 | E7: 28 | F7: 30 | G7: 32 | H7: 33.5 | I7: 35 | J7: 36
A8: Starlink ARPU ($ / month) | B8: 60 | C8: 56 | D8: 53 | E8: 50 | F8: 48 | G8: 47 | H8: 46 | I8: 45 | J8: 45
A9: Enterprise & government revenue ($bn) | B9: 9.5 | C9: 11 | D9: 12.5 | E9: 14 | F9: 15 | G9: 16 | H9: 17 | I9: 18 | J9: 19
A10: Starlink Mobile revenue ($bn) | B10: 0.5 | C10: 1 | D10: 1.5 | E10: 2 | F10: 2.5 | G10: 3 | H10: 3.3 | I10: 3.6 | J10: 4
A11: Connectivity adj. EBITDA margin | B11: 0.58 | C11: 0.58 | D11: 0.58 | E11: 0.58 | F11: 0.58 | G11: 0.58 | H11: 0.58 | I11: 0.58 | J11: 0.58
A12: Connectivity capex, % of revenue | B12: 0.34 | C12: 0.32 | D12: 0.3 | E12: 0.28 | F12: 0.26 | G12: 0.25 | H12: 0.24 | I12: 0.23 | J12: 0.23
A13: Space revenue ($bn) | B13: 4.5 | C13: 5 | D13: 5.5 | E13: 6 | F13: 6.5 | G13: 7 | H13: 7.5 | I13: 8 | J13: 8.5
A14: Space margin before Starship R&D | B14: 0.5 | C14: 0.5 | D14: 0.5 | E14: 0.5 | F14: 0.5 | G14: 0.5 | H14: 0.5 | I14: 0.5 | J14: 0.5
A15: Starship R&D ($bn) | B15: 5 | C15: 5 | D15: 4.5 | E15: 4.5 | F15: 4 | G15: 4 | H15: 3.5 | I15: 3.5 | J15: 3.5
A16: Space capex ($bn) | B16: 4.5 | C16: 4.5 | D16: 4.5 | E16: 4.5 | F16: 4.5 | G16: 5 | H16: 5 | I16: 5.5 | J16: 5.5
A17: AI compute, year end (GW nameplate) | B17: 3 | C17: 3 | D17: 2.8 | E17: 2.5 | F17: 2.2 | G17: 2 | H17: 1.8 | I17: 1.6 | J17: 1.5
A18: Share of compute rented to customers | B18: 0.7 | C18: 0.62 | D18: 0.6 | E18: 0.6 | F18: 0.6 | G18: 0.6 | H18: 0.6 | I18: 0.6 | J18: 0.6
... A26: Spectrum payments ($bn) | B26: 17.3 | C26: 0 | D26: 0 | E26: 0 | F26: 0 | G26: 0 | H26: 0 | I26: 0 | J26: 0
A29: Base case
A30: Starlink adds about 4 to 5 million subscribers a year as V3 satellites lift capacity, with ARPU drifting to the low $50s, and enterprise, government and Starlink Mobile grow into businesses as large as consumer. AI compute reaches about 9 GW by 2030, well short of management's 10 GW by 2027, rented at prices that fall from about $34 to $18 per watt-year as newer chips arrive. Starship becomes operational for Starlink in 2027 to 2028. Revenue passes $200B by 2030, but the GPU fleet must be replaced every five to six years, so free cash flow stays modest.
A31: Driver | B31: 2027 | C31: 2028 | D31: 2029 | E31: 2030 | F31: 2031 | G31: 2032 | H31: 2033 | I31: 2034 | J31: 2035
A32: Starlink subscribers, year end (mm) | B32: 21 | C32: 26 | D32: 31 | E32: 35.5 | F32: 39.5 | G32: 43 | H32: 46 | I32: 49 | J32: 51.5
A33: Starlink ARPU ($ / month) | B33: 62 | C33: 59 | D33: 57 | E33: 55 | F33: 54 | G33: 53 | H33: 52.5 | I33: 52 | J33: 52
A34: Enterprise & government revenue ($bn) | B34: 10.5 | C34: 13 | D34: 15.5 | E34: 18 | F34: 20.5 | G34: 23 | H34: 25 | I34: 27 | J34: 29
A35: Starlink Mobile revenue ($bn) | B35: 0.8 | C35: 2 | D35: 3.5 | E35: 5 | F35: 6.5 | G35: 8 | H35: 9 | I35: 10 | J35: 11
A36: Connectivity adj. EBITDA margin | B36: 0.6 | C36: 0.6 | D36: 0.61 | E36: 0.62 | F36: 0.62 | G36: 0.62 | H36: 0.62 | I36: 0.62 | J36: 0.62
A37: Connectivity capex, % of revenue | B37: 0.32 | C37: 0.3 | D37: 0.28 | E37: 0.26 | F37: 0.24 | G37: 0.22 | H37: 0.21 | I37: 0.2 | J37: 0.2
A38: Space revenue ($bn) | B38: 5 | C38: 6 | D38: 7 | E38: 8 | F38: 9 | G38: 10 | H38: 11 | I38: 12 | J38: 13
A39: Space margin before Starship R&D | B39: 0.55 | C39: 0.55 | D39: 0.55 | E39: 0.55 | F39: 0.55 | G39: 0.55 | H39: 0.55 | I39: 0.55 | J39: 0.55
A40: Starship R&D ($bn) | B40: 4.5 | C40: 4.5 | D40: 4 | E40: 3.5 | F40: 3 | G40: 3 | H40: 3 | I40: 3 | J40: 3
A41: Space capex ($bn) | B41: 4.5 | C41: 4.5 | D41: 4.5 | E41: 4.5 | F41: 4.5 | G41: 5 | H41: 5 | I41: 5.5 | J41: 5.5
A42: AI compute, year end (GW nameplate) | B42: 4 | C42: 6 | D42: 7.5 | E42: 9 | F42: 10 | G42: 11 | H42: 12 | I42: 13 | J42: 14
A43: Share of compute rented to customers | B43: 0.78 | C43: 0.76 | D43: 0.74 | E43: 0.72 | F43: 0.7 | G43: 0.7 | H43: 0.7 | I43: 0.7 | J43: 0.7
... A51: Spectrum payments ($bn) | B51: 17.3 | C51: 0 | D51: 0 | E51: 0 | F51: 0 | G51: 0 | H51: 0 | I51: 0 | J51: 0
A54: Bull case
A55: Roughly the Morgan Stanley path (about $320B to $340B of revenue in 2030). Compute scales to about 13 GW by 2030 with customers renewing at firm prices, Grok, X and Cursor become a large software business, Starlink passes 40 million subscribers, and Starlink Mobile becomes a real carrier on the EchoStar and Grain spectrum. Starship reaches routine reuse in 2027, cutting launch cost and speeding V3 deployment.
A56: Driver | B56: 2027 | C56: 2028 | D56: 2029 | E56: 2030 | F56: 2031 | G56: 2032 | H56: 2033 | I56: 2034 | J56: 2035
A57: Starlink subscribers, year end (mm) | B57: 23 | C57: 30 | D57: 37 | E57: 44 | F57: 50 | G57: 56 | H57: 61 | I57: 66 | J57: 70
A58: Starlink ARPU ($ / month) | B58: 63 | C58: 61 | D58: 59 | E58: 58 | F58: 57 | G58: 56 | H58: 56 | I58: 56 | J58: 56
A59: Enterprise & government revenue ($bn) | B59: 11.5 | C59: 15 | D59: 19 | E59: 23 | F59: 27 | G59: 31 | H59: 35 | I59: 39 | J59: 43
A60: Starlink Mobile revenue ($bn) | B60: 1 | C60: 3 | D60: 6 | E60: 10 | F60: 14 | G60: 18 | H60: 21 | I60: 24 | J60: 27
A61: Connectivity adj. EBITDA margin | B61: 0.61 | C61: 0.62 | D61: 0.63 | E61: 0.64 | F61: 0.65 | G61: 0.65 | H61: 0.65 | I61: 0.65 | J61: 0.65
A62: Connectivity capex, % of revenue | B62: 0.32 | C62: 0.3 | D62: 0.27 | E62: 0.24 | F62: 0.22 | G62: 0.2 | H62: 0.19 | I62: 0.18 | J62: 0.18
A63: Space revenue ($bn) | B63: 5.5 | C63: 7 | D63: 9 | E63: 11 | F63: 13 | G63: 15 | H63: 17 | I63: 19 | J63: 21
A64: Space margin before Starship R&D | B64: 0.6 | C64: 0.6 | D64: 0.6 | E64: 0.6 | F64: 0.6 | G64: 0.6 | H64: 0.6 | I64: 0.6 | J64: 0.6
A65: Starship R&D ($bn) | B65: 4.5 | C65: 4 | D65: 3.5 | E65: 3 | F65: 3 | G65: 3 | H65: 3 | I65: 3 | J65: 3
A66: Space capex ($bn) | B66: 4.5 | C66: 4.5 | D66: 4.5 | E66: 4.5 | F66: 4.5 | G66: 5 | H66: 5 | I66: 5.5 | J66: 5.5
A67: AI compute, year end (GW nameplate) | B67: 5.5 | C67: 8 | D67: 10.5 | E67: 13 | F67: 15.5 | G67: 18 | H67: 20.5 | I67: 23 | J67: 25
A68: Share of compute rented to customers | B68: 0.82 | C68: 0.8 | D68: 0.78 | E68: 0.76 | F68: 0.75 | G68: 0.75 | H68: 0.75 | I68: 0.75 | J68: 0.75
... A76: Spectrum payments ($bn) | B76: 17.3 | C76: 0 | D76: 0 | E76: 0 | F76: 0 | G76: 0 | H76: 0 | I76: 0 | J76: 0
A79: Right tail case
A80: Management's plan mostly works, close to Goldman's private $474B 2030 revenue projection: about 19 GW of compute by 2030 at strong prices, Terafab and Starship-launched orbital compute lower the cost per watt, Grok and Cursor win a large share of enterprise AI spending, and Starlink plus Starlink Mobile serve well over 50 million customers. Mars and point-to-point travel are still not valued.
A81: Driver | B81: 2027 | C81: 2028 | D81: 2029 | E81: 2030 | F81: 2031 | G81: 2032 | H81: 2033 | I81: 2034 | J81: 2035
A82: Starlink subscribers, year end (mm) | B82: 25 | C82: 35 | D82: 45 | E82: 55 | F82: 64 | G82: 72 | H82: 80 | I82: 87 | J82: 93
A83: Starlink ARPU ($ / month) | B83: 64 | C83: 62 | D83: 60 | E83: 59 | F83: 58 | G83: 57 | H83: 57 | I83: 57 | J83: 57
A84: Enterprise & government revenue ($bn) | B84: 12 | C84: 17 | D84: 23 | E84: 29 | F84: 35 | G84: 41 | H84: 47 | I84: 53 | J84: 59
A85: Starlink Mobile revenue ($bn) | B85: 1.5 | C85: 5 | D85: 10 | E85: 16 | F85: 22 | G85: 28 | H85: 33 | I85: 38 | J85: 42
A86: Connectivity adj. EBITDA margin | B86: 0.62 | C86: 0.63 | D86: 0.64 | E86: 0.65 | F86: 0.65 | G86: 0.65 | H86: 0.65 | I86: 0.65 | J86: 0.65
A87: Connectivity capex, % of revenue | B87: 0.32 | C87: 0.29 | D87: 0.26 | E87: 0.23 | F87: 0.21 | G87: 0.19 | H87: 0.18 | I87: 0.17 | J87: 0.17
A88: Space revenue ($bn) | B88: 6 | C88: 9 | D88: 12 | E88: 16 | F88: 20 | G88: 24 | H88: 28 | I88: 32 | J88: 36
A89: Space margin before Starship R&D | B89: 0.6 | C89: 0.6 | D89: 0.6 | E89: 0.6 | F89: 0.6 | G89: 0.6 | H89: 0.6 | I89: 0.6 | J89: 0.6
A90: Starship R&D ($bn) | B90: 4 | C90: 3.5 | D90: 3 | E90: 3 | F90: 3 | G90: 3 | H90: 3 | I90: 3 | J90: 3
A91: Space capex ($bn) | B91: 4.5 | C91: 5 | D91: 5.5 | E91: 6 | F91: 6.5 | G91: 7 | H91: 7.5 | I91: 8 | J91: 8.5
A92: AI compute, year end (GW nameplate) | B92: 7 | C92: 11 | D92: 15 | E92: 19 | F92: 23 | G92: 27 | H92: 31 | I92: 35 | J92: 39
A93: Share of compute rented to customers | B93: 0.82 | C93: 0.81 | D93: 0.8 | E93: 0.79 | F93: 0.78 | G93: 0.78 | H93: 0.78 | I93: 0.78 | J93: 0.78
... A101: Spectrum payments ($bn) | B101: 17.3 | C101: 0 | D101: 0 | E101: 0 | F101: 0 | G101: 0 | H101: 0 | I101: 0 | J101: 0
A104: Spectrum 2027: EchoStar up to $8.5bn cash at closing + $0.828bn interest support (10-Q) + Grain 800 MHz about $8bn (WSJ-reported, not confirmed by SpaceX).

Sheet Model
A1: Model: segment build to unlevered free cash flow and DCF ($bn unless noted)
A2: Segment margins are company-style adjusted EBITDA (before stock comp); stock comp is then deducted as a real cost. AI capex = growth GW plus replacement of 1/life of the fleet, times capex per watt.
A4: Bear case
A5: Line item | C5: 2027 | D5: 2028 | E5: 2029 | F5: 2030 | G5: 2031 | H5: 2032 | I5: 2033 | J5: 2034 | K5: 2035
A6: Starlink subscribers, year end (mm) | C6: =Scenarios!B7 | D6: =Scenarios!C7 | E6: =Scenarios!D7 | F6: =Scenarios!E7 | G6: =Scenarios!F7 | H6: =Scenarios!G7 | I6: =Scenarios!H7 | J6: =Scenarios!I7 | K6: =Scenarios!J7
A7: Starlink ARPU ($ / month) | C7: =Scenarios!B8 | D7: =Scenarios!C8 | E7: =Scenarios!D8 | F7: =Scenarios!E8 | G7: =Scenarios!F8 | H7: =Scenarios!G8 | I7: =Scenarios!H8 | J7: =Scenarios!I8 | K7: =Scenarios!J8
A8: Consumer revenue incl. kits | C8: =(C6+Inputs!$C$22)/2*C7*12/1000*(1+Inputs!$C$25) | D8: =(D6+C6)/2*D7*12/1000*(1+Inputs!$C$25) | E8: =(E6+D6)/2*E7*12/1000*(1+Inputs!$C$25) | F8: =(F6+E6)/2*F7*12/1000*(1+Inputs!$C$25) | G8: =(G6+F6)/2*G7*12/1000*(1+Inputs!$C$25) | H8: =(H6+G6)/2*H7*12/1000*(1+Inputs!$C$25) | I8: =(I6+H6)/2*I7*12/1000*(1+Inputs!$C$25) | J8: =(J6+I6)/2*J7*12/1000*(1+Inputs!$C$25) | K8: =(K6+J6)/2*K7*12/1000*(1+Inputs!$C$25)
A9: Enterprise & government | C9: =Scenarios!B9 | D9: =Scenarios!C9 | E9: =Scenarios!D9 | F9: =Scenarios!E9 | G9: =Scenarios!F9 | H9: =Scenarios!G9 | I9: =Scenarios!H9 | J9: =Scenarios!I9 | K9: =Scenarios!J9
A10: Starlink Mobile | C10: =Scenarios!B10 | D10: =Scenarios!C10 | E10: =Scenarios!D10 | F10: =Scenarios!E10 | G10: =Scenarios!F10 | H10: =Scenarios!G10 | I10: =Scenarios!H10 | J10: =Scenarios!I10 | K10: =Scenarios!J10
A11: Connectivity revenue | C11: =C8+C9+C10 | D11: =D8+D9+D10 | E11: =E8+E9+E10 | F11: =F8+F9+F10 | G11: =G8+G9+G10 | H11: =H8+H9+H10 | I11: =I8+I9+I10 | J11: =J8+J9+J10 | K11: =K8+K9+K10
A12: Space revenue | C12: =Scenarios!B13 | D12: =Scenarios!C13 | E12: =Scenarios!D13 | F12: =Scenarios!E13 | G12: =Scenarios!F13 | H12: =Scenarios!G13 | I12: =Scenarios!H13 | J12: =Scenarios!I13 | K12: =Scenarios!J13
A13: AI compute, year end (GW) | C13: =Scenarios!B17 | D13: =Scenarios!C17 | E13: =Scenarios!D17 | F13: =Scenarios!E17 | G13: =Scenarios!F17 | H13: =Scenarios!G17 | I13: =Scenarios!H17 | J13: =Scenarios!I17 | K13: =Scenarios!J17
A14: Share rented | C14: =Scenarios!B18 | D14: =Scenarios!C18 | E14: =Scenarios!D18 | F14: =Scenarios!E18 | G14: =Scenarios!F18 | H14: =Scenarios!G18 | I14: =Scenarios!H18 | J14: =Scenarios!I18 | K14: =Scenarios!J18
A15: Revenue per watt-year ($) | C15: =Scenarios!B19 | D15: =Scenarios!C19 | E15: =Scenarios!D19 | F15: =Scenarios!E19 | G15: =Scenarios!F19 | H15: =Scenarios!G19 | I15: =Scenarios!H19 | J15: =Scenarios!I19 | K15: =Scenarios!J19
A16: Cloud services revenue | C16: =(C13+Inputs!$C$23)/2*C14*C15 | D16: =(D13+C13)/2*D14*D15 | E16: =(E13+D13)/2*E14*E15 | F16: =(F13+E13)/2*F14*F15 | G16: =(G13+F13)/2*G14*G15 | H16: =(H13+G13)/2*H14*H15 | I16: =(I13+H13)/2*I14*I15 | J16: =(J13+I13)/2*J14*J15 | K16: =(K13+J13)/2*K14*K15
A17: Grok / X / Cursor revenue | C17: =Scenarios!B22 | D17: =Scenarios!C22 | E17: =Scenarios!D22 | F17: =Scenarios!E22 | G17: =Scenarios!F22 | H17: =Scenarios!G22 | I17: =Scenarios!H22 | J17: =Scenarios!I22 | K17: =Scenarios!J22
A18: AI revenue | C18: =C16+C17 | D18: =D16+D17 | E18: =E16+E17 | F18: =F16+F17 | G18: =G16+G17 | H18: =H16+H17 | I18: =I16+I17 | J18: =J16+J17 | K18: =K16+K17
A19: Total revenue | C19: =C11+C12+C18 | D19: =D11+D12+D18 | E19: =E11+E12+E18 | F19: =F11+F12+F18 | G19: =G11+G12+G18 | H19: =H11+H12+H18 | I19: =I11+I12+I18 | J19: =J11+J12+J18 | K19: =K11+K12+K18
A20: Connectivity margin | C20: =Scenarios!B11 | D20: =Scenarios!C11 | E20: =Scenarios!D11 | F20: =Scenarios!E11 | G20: =Scenarios!F11 | H20: =Scenarios!G11 | I20: =Scenarios!H11 | J20: =Scenarios!I11 | K20: =Scenarios!J11
A21: Connectivity adj. EBITDA | C21: =C11*C20 | D21: =D11*D20 | E21: =E11*E20 | F21: =F11*F20 | G21: =G11*G20 | H21: =H11*H20 | I21: =I11*I20 | J21: =J11*J20 | K21: =K11*K20
A22: Space margin before Starship R&D | C22: =Scenarios!B14 | D22: =Scenarios!C14 | E22: =Scenarios!D14 | F22: =Scenarios!E14 | G22: =Scenarios!F14 | H22: =Scenarios!G14 | I22: =Scenarios!H14 | J22: =Scenarios!I14 | K22: =Scenarios!J14
A23: Starship R&D | C23: =Scenarios!B15 | D23: =Scenarios!C15 | E23: =Scenarios!D15 | F23: =Scenarios!E15 | G23: =Scenarios!F15 | H23: =Scenarios!G15 | I23: =Scenarios!H15 | J23: =Scenarios!I15 | K23: =Scenarios!J15
A24: Space adj. EBITDA | C24: =C12*C22-C23 | D24: =D12*D22-D23 | E24: =E12*E22-E23 | F24: =F12*F22-F23 | G24: =G12*G22-G23 | H24: =H12*H22-H23 | I24: =I12*I22-I23 | J24: =J12*J22-J23 | K24: =K12*K22-K23
A25: Cloud margin | C25: =Scenarios!B20 | D25: =Scenarios!C20 | E25: =Scenarios!D20 | F25: =Scenarios!E20 | G25: =Scenarios!F20 | H25: =Scenarios!G20 | I25: =Scenarios!H20 | J25: =Scenarios!I20 | K25: =Scenarios!J20
A26: Apps and ads margin | C26: =Scenarios!B23 | D26: =Scenarios!C23 | E26: =Scenarios!D23 | F26: =Scenarios!E23 | G26: =Scenarios!F23 | H26: =Scenarios!G23 | I26: =Scenarios!H23 | J26: =Scenarios!I23 | K26: =Scenarios!J23
A27: Frontier-model R&D | C27: =Scenarios!B24 | D27: =Scenarios!C24 | E27: =Scenarios!D24 | F27: =Scenarios!E24 | G27: =Scenarios!F24 | H27: =Scenarios!G24 | I27: =Scenarios!H24 | J27: =Scenarios!I24 | K27: =Scenarios!J24
A28: AI adj. EBITDA | C28: =C16*C25+C17*C26-C27 | D28: =D16*D25+D17*D26-D27 | E28: =E16*E25+E17*E26-E27 | F28: =F16*F25+F17*F26-F27 | G28: =G16*G25+G17*G26-G27 | H28: =H16*H25+H17*H26-H27 | I28: =I16*I25+I17*I26-I27 | J28: =J16*J25+J17*J26-J27 | K28: =K16*K25+K17*K26-K27
A29: Adjusted EBITDA (before stock comp) | C29: =C21+C24+C28 | D29: =D21+D24+D28 | E29: =E21+E24+E28 | F29: =F21+F24+F28 | G29: =G21+G24+G28 | H29: =H21+H24+H28 | I29: =I21+I24+I28 | J29: =J21+J24+J28 | K29: =K21+K24+K28
A30: Stock comp, % of revenue | C30: =Scenarios!B25 | D30: =Scenarios!C25 | E30: =Scenarios!D25 | F30: =Scenarios!E25 | G30: =Scenarios!F25 | H30: =Scenarios!G25 | I30: =Scenarios!H25 | J30: =Scenarios!I25 | K30: =Scenarios!J25
A31: Stock-based compensation | C31: =C19*C30 | D31: =D19*D30 | E31: =E19*E30 | F31: =F19*F30 | G31: =G19*G30 | H31: =H19*H30 | I31: =I19*I30 | J31: =J19*J30 | K31: =K19*K30
A32: EBITDA after stock comp | C32: =C29-C31 | D32: =D29-D31 | E32: =E29-E31 | F32: =F29-F31 | G32: =G29-G31 | H32: =H29-H31 | I32: =I29-I31 | J32: =J29-J31 | K32: =K29-K31
A33: AI capex per watt ($) | C33: =Scenarios!B21 | D33: =Scenarios!C21 | E33: =Scenarios!D21 | F33: =Scenarios!E21 | G33: =Scenarios!F21 | H33: =Scenarios!G21 | I33: =Scenarios!H21 | J33: =Scenarios!I21 | K33: =Scenarios!J21
A34: AI depreciation | C34: =(C13+Inputs!$C$23)/2*C33/Inputs!$C$27 | D34: =(D13+C13)/2*D33/Inputs!$C$27 | E34: =(E13+D13)/2*E33/Inputs!$C$27 | F34: =(F13+E13)/2*F33/Inputs!$C$27 | G34: =(G13+F13)/2*G33/Inputs!$C$27 | H34: =(H13+G13)/2*H33/Inputs!$C$27 | I34: =(I13+H13)/2*I33/Inputs!$C$27 | J34: =(J13+I13)/2*J33/Inputs!$C$27 | K34: =(K13+J13)/2*K33/Inputs!$C$27
A35: Depreciation & amortization | C35: =(C11+C12)*Inputs!$C$26+C34 | D35: =(D11+D12)*Inputs!$C$26+D34 | E35: =(E11+E12)*Inputs!$C$26+E34 | F35: =(F11+F12)*Inputs!$C$26+F34 | G35: =(G11+G12)*Inputs!$C$26+G34 | H35: =(H11+H12)*Inputs!$C$26+H34 | I35: =(I11+I12)*Inputs!$C$26+I34 | J35: =(J11+J12)*Inputs!$C$26+J34 | K35: =(K11+K12)*Inputs!$C$26+K34
A36: EBIT | C36: =C32-C35 | D36: =D32-D35 | E36: =E32-E35 | F36: =F32-F35 | G36: =G32-G35 | H36: =H32-H35 | I36: =I32-I35 | J36: =J32-J35 | K36: =K32-K35
A37: EBIT margin | C37: =IF(C19=0,0,C36/C19) | D37: =IF(D19=0,0,D36/D19) | E37: =IF(E19=0,0,E36/E19) | F37: =IF(F19=0,0,F36/F19) | G37: =IF(G19=0,0,G36/G19) | H37: =IF(H19=0,0,H36/H19) | I37: =IF(I19=0,0,I36/I19) | J37: =IF(J19=0,0,J36/J19) | K37: =IF(K19=0,0,K36/K19)
A38: AI capex | C38: =MAX(0,C13-Inputs!$C$23*(1-1/Inputs!$C$27))*C33 | D38: =MAX(0,D13-C13*(1-1/Inputs!$C$27))*D33 | E38: =MAX(0,E13-D13*(1-1/Inputs!$C$27))*E33 | F38: =MAX(0,F13-E13*(1-1/Inputs!$C$27))*F33 | G38: =MAX(0,G13-F13*(1-1/Inputs!$C$27))*G33 | H38: =MAX(0,H13-G13*(1-1/Inputs!$C$27))*H33 | I38: =MAX(0,I13-H13*(1-1/Inputs!$C$27))*I33 | J38: =MAX(0,J13-I13*(1-1/Inputs!$C$27))*J33 | K38: =MAX(0,K13-J13*(1-1/Inputs!$C$27))*K33
A39: Connectivity capex, % of revenue | C39: =Scenarios!B12 | D39: =Scenarios!C12 | E39: =Scenarios!D12 | F39: =Scenarios!E12 | G39: =Scenarios!F12 | H39: =Scenarios!G12 | I39: =Scenarios!H12 | J39: =Scenarios!I12 | K39: =Scenarios!J12
A40: Connectivity capex | C40: =C11*C39 | D40: =D11*D39 | E40: =E11*E39 | F40: =F11*F39 | G40: =G11*G39 | H40: =H11*H39 | I40: =I11*I39 | J40: =J11*J39 | K40: =K11*K39
A41: Space capex | C41: =Scenarios!B16 | D41: =Scenarios!C16 | E41: =Scenarios!D16 | F41: =Scenarios!E16 | G41: =Scenarios!F16 | H41: =Scenarios!G16 | I41: =Scenarios!H16 | J41: =Scenarios!I16 | K41: =Scenarios!J16
A42: Capital expenditures | C42: =C38+C40+C41 | D42: =D38+D40+D41 | E42: =E38+E40+E41 | F42: =F38+F40+F41 | G42: =G38+G40+G41 | H42: =H38+H40+H41 | I42: =I38+I40+I41 | J42: =J38+J40+J41 | K42: =K38+K40+K41
A43: Net operating losses, start | C43: =Inputs!$C$28 | D43: =C46 | E43: =D46 | F43: =E46 | G43: =F46 | H43: =G46 | I43: =H46 | J43: =I46 | K43: =J46
A44: Losses used | C44: =MIN(C43,MAX(0,C36)) | D44: =MIN(D43,MAX(0,D36)) | E44: =MIN(E43,MAX(0,E36)) | F44: =MIN(F43,MAX(0,F36)) | G44: =MIN(G43,MAX(0,G36)) | H44: =MIN(H43,MAX(0,H36)) | I44: =MIN(I43,MAX(0,I36)) | J44: =MIN(J43,MAX(0,J36)) | K44: =MIN(K43,MAX(0,K36))
A45: Cash taxes | C45: =Inputs!$C$29*MAX(0,C36-C44) | D45: =Inputs!$C$29*MAX(0,D36-D44) | E45: =Inputs!$C$29*MAX(0,E36-E44) | F45: =Inputs!$C$29*MAX(0,F36-F44) | G45: =Inputs!$C$29*MAX(0,G36-G44) | H45: =Inputs!$C$29*MAX(0,H36-H44) | I45: =Inputs!$C$29*MAX(0,I36-I44) | J45: =Inputs!$C$29*MAX(0,J36-J44) | K45: =Inputs!$C$29*MAX(0,K36-K44)
A46: Net operating losses, end | C46: =C43-C44+MAX(0,-C36) | D46: =D43-D44+MAX(0,-D36) | E46: =E43-E44+MAX(0,-E36) | F46: =F43-F44+MAX(0,-F36) | G46: =G43-G44+MAX(0,-G36) | H46: =H43-H44+MAX(0,-H36) | I46: =I43-I44+MAX(0,-I36) | J46: =J43-J44+MAX(0,-J36) | K46: =K43-K44+MAX(0,-K36)
A47: Spectrum payments | C47: =Scenarios!B26 | D47: =Scenarios!C26 | E47: =Scenarios!D26 | F47: =Scenarios!E26 | G47: =Scenarios!F26 | H47: =Scenarios!G26 | I47: =Scenarios!H26 | J47: =Scenarios!I26 | K47: =Scenarios!J26
A48: Unlevered free cash flow | C48: =C32-C45-C42-C47 | D48: =D32-D45-D42-D47 | E48: =E32-E45-E42-E47 | F48: =F32-F45-F42-F47 | G48: =G32-G45-G42-G47 | H48: =H32-H45-H42-H47 | I48: =I32-I45-I42-I47 | J48: =J32-J45-J42-J47 | K48: =K32-K45-K42-K47
A49: Discount period (years) | C49: =2027+0.5-Inputs!$C$21 | D49: =2028+0.5-Inputs!$C$21 | E49: =2029+0.5-Inputs!$C$21 | F49: =2030+0.5-Inputs!$C$21 | G49: =2031+0.5-Inputs!$C$21 | H49: =2032+0.5-Inputs!$C$21 | I49: =2033+0.5-Inputs!$C$21 | J49: =2034+0.5-Inputs!$C$21 | K49: =2035+0.5-Inputs!$C$21
A50: Discount factor | C50: =1/(1+Inputs!$C$38)^C49 | D50: =1/(1+Inputs!$C$38)^D49 | E50: =1/(1+Inputs!$C$38)^E49 | F50: =1/(1+Inputs!$C$38)^F49 | G50: =1/(1+Inputs!$C$38)^G49 | H50: =1/(1+Inputs!$C$38)^H49 | I50: =1/(1+Inputs!$C$38)^I49 | J50: =1/(1+Inputs!$C$38)^J49 | K50: =1/(1+Inputs!$C$38)^K49
A51: PV of unlevered FCF | C51: =C48*C50 | D51: =D48*D50 | E51: =E48*E50 | F51: =F48*F50 | G51: =G48*G50 | H51: =H48*H50 | I51: =I48*I50 | J51: =J48*J50 | K51: =K48*K50
A53: Normalized terminal FCF (2035) | C53: =K36*(1-Inputs!$C$42)+K35*(1-Inputs!$C$43)-Inputs!$C$44*K19*Inputs!$C$41
A54: Terminal value, exit multiple | C54: =K32*Inputs!$C$40
A55: Terminal value, perpetual growth (cross-check) | C55: =$C$53*(1+Inputs!$C$41)/(Inputs!$C$38-Inputs!$C$41)
A56: PV of 2027-2035 FCF + H2 2026 stub | C56: =SUM(C51:K51)+Inputs!$C$20
A57: PV of terminal value (exit multiple, end-2035 value) | C57: =$C$54/(1+Inputs!$C$38)^(K49+0.5)
A58: Enterprise value | C58: =$C$56+$C$57
A59: Equity value | C59: =$C$58+Inputs!$C$17
A60: DCF value per share ($) | C60: =MAX(0,$C$59*1000/Inputs!$C$12)
A61: Strategic floor per share ($) | C61: 0
A62: Value per share ($) | C62: =MAX($C$60,$C$61)
A63: Cross-check: value per share at perpetual growth ($) | C63: =MAX(0,($C$56+$C$55*K50+Inputs!$C$17)*1000/Inputs!$C$12)
A64: Perpetual growth implied by the exit multiple | C64: =($C$54*Inputs!$C$38-$C$53)/($C$54+$C$53)
A65: Value per share excl. Musk unvested shares ($) | C65: =MAX(0,$C$59*1000/Inputs!$C$13)
A68: Base case
A69: Line item | C69: 2027 | D69: 2028 | E69: 2029 | F69: 2030 | G69: 2031 | H69: 2032 | I69: 2033 | J69: 2034 | K69: 2035
A70: Starlink subscribers, year end (mm) | C70: =Scenarios!B32 | D70: =Scenarios!C32 | E70: =Scenarios!D32 | F70: =Scenarios!E32 | G70: =Scenarios!F32 | H70: =Scenarios!G32 | I70: =Scenarios!H32 | J70: =Scenarios!I32 | K70: =Scenarios!J32
A71: Starlink ARPU ($ / month) | C71: =Scenarios!B33 | D71: =Scenarios!C33 | E71: =Scenarios!D33 | F71: =Scenarios!E33 | G71: =Scenarios!F33 | H71: =Scenarios!G33 | I71: =Scenarios!H33 | J71: =Scenarios!I33 | K71: =Scenarios!J33
A72: Consumer revenue incl. kits | C72: =(C70+Inputs!$C$22)/2*C71*12/1000*(1+Inputs!$C$25) | D72: =(D70+C70)/2*D71*12/1000*(1+Inputs!$C$25) | E72: =(E70+D70)/2*E71*12/1000*(1+Inputs!$C$25) | F72: =(F70+E70)/2*F71*12/1000*(1+Inputs!$C$25) | G72: =(G70+F70)/2*G71*12/1000*(1+Inputs!$C$25) | H72: =(H70+G70)/2*H71*12/1000*(1+Inputs!$C$25) | I72: =(I70+H70)/2*I71*12/1000*(1+Inputs!$C$25) | J72: =(J70+I70)/2*J71*12/1000*(1+Inputs!$C$25) | K72: =(K70+J70)/2*K71*12/1000*(1+Inputs!$C$25)
A73: Enterprise & government | C73: =Scenarios!B34 | D73: =Scenarios!C34 | E73: =Scenarios!D34 | F73: =Scenarios!E34 | G73: =Scenarios!F34 | H73: =Scenarios!G34 | I73: =Scenarios!H34 | J73: =Scenarios!I34 | K73: =Scenarios!J34
A74: Starlink Mobile | C74: =Scenarios!B35 | D74: =Scenarios!C35 | E74: =Scenarios!D35 | F74: =Scenarios!E35 | G74: =Scenarios!F35 | H74: =Scenarios!G35 | I74: =Scenarios!H35 | J74: =Scenarios!I35 | K74: =Scenarios!J35
A75: Connectivity revenue | C75: =C72+C73+C74 | D75: =D72+D73+D74 | E75: =E72+E73+E74 | F75: =F72+F73+F74 | G75: =G72+G73+G74 | H75: =H72+H73+H74 | I75: =I72+I73+I74 | J75: =J72+J73+J74 | K75: =K72+K73+K74
A76: Space revenue | C76: =Scenarios!B38 | D76: =Scenarios!C38 | E76: =Scenarios!D38 | F76: =Scenarios!E38 | G76: =Scenarios!F38 | H76: =Scenarios!G38 | I76: =Scenarios!H38 | J76: =Scenarios!I38 | K76: =Scenarios!J38
A77: AI compute, year end (GW) | C77: =Scenarios!B42 | D77: =Scenarios!C42 | E77: =Scenarios!D42 | F77: =Scenarios!E42 | G77: =Scenarios!F42 | H77: =Scenarios!G42 | I77: =Scenarios!H42 | J77: =Scenarios!I42 | K77: =Scenarios!J42
A78: Share rented | C78: =Scenarios!B43 | D78: =Scenarios!C43 | E78: =Scenarios!D43 | F78: =Scenarios!E43 | G78: =Scenarios!F43 | H78: =Scenarios!G43 | I78: =Scenarios!H43 | J78: =Scenarios!I43 | K78: =Scenarios!J43
A79: Revenue per watt-year ($) | C79: =Scenarios!B44 | D79: =Scenarios!C44 | E79: =Scenarios!D44 | F79: =Scenarios!E44 | G79: =Scenarios!F44 | H79: =Scenarios!G44 | I79: =Scenarios!H44 | J79: =Scenarios!I44 | K79: =Scenarios!J44
A80: Cloud services revenue | C80: =(C77+Inputs!$C$23)/2*C78*C79 | D80: =(D77+C77)/2*D78*D79 | E80: =(E77+D77)/2*E78*E79 | F80: =(F77+E77)/2*F78*F79 | G80: =(G77+F77)/2*G78*G79 | H80: =(H77+G77)/2*H78*H79 | I80: =(I77+H77)/2*I78*I79 | J80: =(J77+I77)/2*J78*J79 | K80: =(K77+J77)/2*K78*K79
A81: Grok / X / Cursor revenue | C81: =Scenarios!B47 | D81: =Scenarios!C47 | E81: =Scenarios!D47 | F81: =Scenarios!E47 | G81: =Scenarios!F47 | H81: =Scenarios!G47 | I81: =Scenarios!H47 | J81: =Scenarios!I47 | K81: =Scenarios!J47
A82: AI revenue | C82: =C80+C81 | D82: =D80+D81 | E82: =E80+E81 | F82: =F80+F81 | G82: =G80+G81 | H82: =H80+H81 | I82: =I80+I81 | J82: =J80+J81 | K82: =K80+K81
A83: Total revenue | C83: =C75+C76+C82 | D83: =D75+D76+D82 | E83: =E75+E76+E82 | F83: =F75+F76+F82 | G83: =G75+G76+G82 | H83: =H75+H76+H82 | I83: =I75+I76+I82 | J83: =J75+J76+J82 | K83: =K75+K76+K82
A84: Connectivity margin | C84: =Scenarios!B36 | D84: =Scenarios!C36 | E84: =Scenarios!D36 | F84: =Scenarios!E36 | G84: =Scenarios!F36 | H84: =Scenarios!G36 | I84: =Scenarios!H36 | J84: =Scenarios!I36 | K84: =Scenarios!J36
A85: Connectivity adj. EBITDA | C85: =C75*C84 | D85: =D75*D84 | E85: =E75*E84 | F85: =F75*F84 | G85: =G75*G84 | H85: =H75*H84 | I85: =I75*I84 | J85: =J75*J84 | K85: =K75*K84
A86: Space margin before Starship R&D | C86: =Scenarios!B39 | D86: =Scenarios!C39 | E86: =Scenarios!D39 | F86: =Scenarios!E39 | G86: =Scenarios!F39 | H86: =Scenarios!G39 | I86: =Scenarios!H39 | J86: =Scenarios!I39 | K86: =Scenarios!J39
A87: Starship R&D | C87: =Scenarios!B40 | D87: =Scenarios!C40 | E87: =Scenarios!D40 | F87: =Scenarios!E40 | G87: =Scenarios!F40 | H87: =Scenarios!G40 | I87: =Scenarios!H40 | J87: =Scenarios!I40 | K87: =Scenarios!J40
A88: Space adj. EBITDA | C88: =C76*C86-C87 | D88: =D76*D86-D87 | E88: =E76*E86-E87 | F88: =F76*F86-F87 | G88: =G76*G86-G87 | H88: =H76*H86-H87 | I88: =I76*I86-I87 | J88: =J76*J86-J87 | K88: =K76*K86-K87
A89: Cloud margin | C89: =Scenarios!B45 | D89: =Scenarios!C45 | E89: =Scenarios!D45 | F89: =Scenarios!E45 | G89: =Scenarios!F45 | H89: =Scenarios!G45 | I89: =Scenarios!H45 | J89: =Scenarios!I45 | K89: =Scenarios!J45
A90: Apps and ads margin | C90: =Scenarios!B48 | D90: =Scenarios!C48 | E90: =Scenarios!D48 | F90: =Scenarios!E48 | G90: =Scenarios!F48 | H90: =Scenarios!G48 | I90: =Scenarios!H48 | J90: =Scenarios!I48 | K90: =Scenarios!J48
A91: Frontier-model R&D | C91: =Scenarios!B49 | D91: =Scenarios!C49 | E91: =Scenarios!D49 | F91: =Scenarios!E49 | G91: =Scenarios!F49 | H91: =Scenarios!G49 | I91: =Scenarios!H49 | J91: =Scenarios!I49 | K91: =Scenarios!J49
A92: AI adj. EBITDA | C92: =C80*C89+C81*C90-C91 | D92: =D80*D89+D81*D90-D91 | E92: =E80*E89+E81*E90-E91 | F92: =F80*F89+F81*F90-F91 | G92: =G80*G89+G81*G90-G91 | H92: =H80*H89+H81*H90-H91 | I92: =I80*I89+I81*I90-I91 | J92: =J80*J89+J81*J90-J91 | K92: =K80*K89+K81*K90-K91
A93: Adjusted EBITDA (before stock comp) | C93: =C85+C88+C92 | D93: =D85+D88+D92 | E93: =E85+E88+E92 | F93: =F85+F88+F92 | G93: =G85+G88+G92 | H93: =H85+H88+H92 | I93: =I85+I88+I92 | J93: =J85+J88+J92 | K93: =K85+K88+K92
A94: Stock comp, % of revenue | C94: =Scenarios!B50 | D94: =Scenarios!C50 | E94: =Scenarios!D50 | F94: =Scenarios!E50 | G94: =Scenarios!F50 | H94: =Scenarios!G50 | I94: =Scenarios!H50 | J94: =Scenarios!I50 | K94: =Scenarios!J50
A95: Stock-based compensation | C95: =C83*C94 | D95: =D83*D94 | E95: =E83*E94 | F95: =F83*F94 | G95: =G83*G94 | H95: =H83*H94 | I95: =I83*I94 | J95: =J83*J94 | K95: =K83*K94
A96: EBITDA after stock comp | C96: =C93-C95 | D96: =D93-D95 | E96: =E93-E95 | F96: =F93-F95 | G96: =G93-G95 | H96: =H93-H95 | I96: =I93-I95 | J96: =J93-J95 | K96: =K93-K95
A97: AI capex per watt ($) | C97: =Scenarios!B46 | D97: =Scenarios!C46 | E97: =Scenarios!D46 | F97: =Scenarios!E46 | G97: =Scenarios!F46 | H97: =Scenarios!G46 | I97: =Scenarios!H46 | J97: =Scenarios!I46 | K97: =Scenarios!J46
A98: AI depreciation | C98: =(C77+Inputs!$C$23)/2*C97/Inputs!$C$27 | D98: =(D77+C77)/2*D97/Inputs!$C$27 | E98: =(E77+D77)/2*E97/Inputs!$C$27 | F98: =(F77+E77)/2*F97/Inputs!$C$27 | G98: =(G77+F77)/2*G97/Inputs!$C$27 | H98: =(H77+G77)/2*H97/Inputs!$C$27 | I98: =(I77+H77)/2*I97/Inputs!$C$27 | J98: =(J77+I77)/2*J97/Inputs!$C$27 | K98: =(K77+J77)/2*K97/Inputs!$C$27
A99: Depreciation & amortization | C99: =(C75+C76)*Inputs!$C$26+C98 | D99: =(D75+D76)*Inputs!$C$26+D98 | E99: =(E75+E76)*Inputs!$C$26+E98 | F99: =(F75+F76)*Inputs!$C$26+F98 | G99: =(G75+G76)*Inputs!$C$26+G98 | H99: =(H75+H76)*Inputs!$C$26+H98 | I99: =(I75+I76)*Inputs!$C$26+I98 | J99: =(J75+J76)*Inputs!$C$26+J98 | K99: =(K75+K76)*Inputs!$C$26+K98
A100: EBIT | C100: =C96-C99 | D100: =D96-D99 | E100: =E96-E99 | F100: =F96-F99 | G100: =G96-G99 | H100: =H96-H99 | I100: =I96-I99 | J100: =J96-J99 | K100: =K96-K99
A101: EBIT margin | C101: =IF(C83=0,0,C100/C83) | D101: =IF(D83=0,0,D100/D83) | E101: =IF(E83=0,0,E100/E83) | F101: =IF(F83=0,0,F100/F83) | G101: =IF(G83=0,0,G100/G83) | H101: =IF(H83=0,0,H100/H83) | I101: =IF(I83=0,0,I100/I83) | J101: =IF(J83=0,0,J100/J83) | K101: =IF(K83=0,0,K100/K83)
A102: AI capex | C102: =MAX(0,C77-Inputs!$C$23*(1-1/Inputs!$C$27))*C97 | D102: =MAX(0,D77-C77*(1-1/Inputs!$C$27))*D97 | E102: =MAX(0,E77-D77*(1-1/Inputs!$C$27))*E97 | F102: =MAX(0,F77-E77*(1-1/Inputs!$C$27))*F97 | G102: =MAX(0,G77-F77*(1-1/Inputs!$C$27))*G97 | H102: =MAX(0,H77-G77*(1-1/Inputs!$C$27))*H97 | I102: =MAX(0,I77-H77*(1-1/Inputs!$C$27))*I97 | J102: =MAX(0,J77-I77*(1-1/Inputs!$C$27))*J97 | K102: =MAX(0,K77-J77*(1-1/Inputs!$C$27))*K97
A103: Connectivity capex, % of revenue | C103: =Scenarios!B37 | D103: =Scenarios!C37 | E103: =Scenarios!D37 | F103: =Scenarios!E37 | G103: =Scenarios!F37 | H103: =Scenarios!G37 | I103: =Scenarios!H37 | J103: =Scenarios!I37 | K103: =Scenarios!J37
A104: Connectivity capex | C104: =C75*C103 | D104: =D75*D103 | E104: =E75*E103 | F104: =F75*F103 | G104: =G75*G103 | H104: =H75*H103 | I104: =I75*I103 | J104: =J75*J103 | K104: =K75*K103
...

Sheet Beta
A1: Beta from segment peers (two-year betas vs IVV, daily / weekly, site price feed, 2026-10-16)
A2: SPCX itself has 88 sessions since 2026-06-12: 1.6 vs QQQ and 3.2 vs SPY, too unstable to use.
A4: Segment / peer | B4: Daily beta | C4: Weekly beta | D4: Segment beta used | E4: Value weight
A5: Ai | D5: 1.9 | E5: 0.55
A6: NVDA | B6: 1.9 | C6: 1.92
A7: ORCL | B7: 1.72 | C7: 1.98
A8: CRWV | B8: 2.71 | C8: 1.94
A9: NBIS | B9: 2.96 | C9: 2.72
A10: Connectivity | D10: 1.2 | E10: 0.4
A11: IRDM | B11: 1.05 | C11: 1.36
A12: GOOGL | B12: 1.15 | C12: 1.26
A13: AMZN | B13: 1.4 | C13: 1.65
A14: VSAT | B14: 2.2 | C14: 2.97
A15: TMUS | B15: 0.09 | C15: 0.11
A16: Space | D16: 2 | E16: 0.05
A17: RKLB | B17: 2.75 | C17: 3.13
A18: TSLA | B18: 2.33 | C18: 1.91
A19: ASTS | B19: 2.6 | C19: 2.56
A21: Blended beta | D21: =D5*E5+D10*E10+D16*E16
A22: Beta used on Inputs (rounded) | D22: =Inputs!$C$32

Sheet History
A1: Reported results ($bn; subscribers in mm; ARPU $/month; compute in GW)
A3: Line item | B3: FY2023 | C3: FY2024 | D3: FY2025 | E3: Q2 2025 | F3: Q1 2026 | G3: Q2 2026
A4: Space revenue | B4: 3.557 | C4: 3.796 | D4: 4.086 | E4: 0.746 | F4: 0.619 | G4: 0.962
A5: Connectivity revenue | B5: 3.869 | C5: 7.599 | D5: 11.387 | E5: 2.588 | F5: 3.257 | G5: 4.291
A6: AI revenue | B6: 2.961 | C6: 2.62 | D6: 3.201 | E6: 0.737 | F6: 0.818 | G6: 2.561
A7: Total revenue | B7: =B4+B5+B6 | C7: =C4+C5+C6 | D7: =D4+D5+D6 | E7: =E4+E5+E6 | F7: =F4+F5+F6 | G7: =G4+G5+G6
A8: Adjusted EBITDA | B8: 3.821 | C8: 5.35 | D8: 6.584 | E8: 1.214 | F8: 1.127 | G8: 3.538
A9: Income (loss) from operations | B9: -3.505 | C9: 0.466 | D9: -2.589 | E9: -0.97 | F9: -1.943 | G9: -0.143
A10: Net income (loss) | B10: -4.628 | C10: 0.791 | D10: -4.937 | E10: -1.008 | F10: -4.276 | G10: -0.541
A11: Capital expenditures | B11: 4.415 | C11: 11.163 | D11: 20.737 | E11: 2.825 | F11: 10.107 | G11: 18.369
A12: Operating cash flow | B12: 4.52 | C12: 5.776 | D12: 6.785 | E12: n/a | F12: 1.047 | G12: n/a
A13: Starlink subscribers (mm) | B13: 2.3 | C13: 4.4 | D13: 8.9 | E13: 6 | F13: 10.3 | G13: 12
A14: Starlink ARPU ($/month) | B14: 99 | C14: 91 | D14: 81 | E14: 85 | F14: 66 | G14: 66
A15: AI nameplate compute (GW) | B15: 0 | C15: 0.3 | D15: 0.8 | E15: 0.4 | F15: 1 | G15: 1.4
A18: Sources
A19: FY2023-FY2025: final prospectus (424B4), filed 2026-06-12, https://www.sec.gov/Archives/edgar/data/1181412/000162828026042639/
A20: Quarters: Q2 2026 earnings release (8-K Ex. 99.1) and 10-Q, filed 2026-08-04, https://www.sec.gov/Archives/edgar/data/1181412/000162828026052515/ and /000162828026052535/
A21: History is retrospectively combined with xAI and X (common-control mergers). Adjusted EBITDA excludes D&A, stock comp, restructuring and impairments.
